AoeStats
← ITA | Raffy

Hideout

503111893Analyzed
4v4 RM · 1mo ago on Aug 30, 2026· 56m 55s· 8 players
Game mode
Random Map
Map size
Large (8 player)
Population
200
Speed
Normal
Resources
Standard
Victory
Conquest
Starting age
Dark Age
Ending age
Imperial Age
RankedLock teamsTeams togetherTeam positionsShared explorationLock speedFull tech treeHidden civsTurbo modeCheats
Victory
Defeat
🇮🇹 Slavs · Italy
1309
+13
🇨🇳 Italians · China
1305
+13
🇦🇺 Cumans · Australia
1262
+15
🇮🇳 Turks · India
1219
+17
🇹🇼 Spanish · Taiwan
1293
-17
🇮🇳 Malay · India
1244
-15
🇨🇿 Cumans · Czechia
1238
-14
🇩🇪 Dravidians · Germany
1209
-13
mydogqmi
9:41 Feudal Age
10:32 Loom
22:27 Castle Age
21:36 Stone Mining
22:34 Wheelbarrow
22:47 Bloodlines
23:28 Horse Collar
23:37 Double-Bit Axe
25:02 Heavy Plow
27:02 Hand Cart
27:16 Padded Archer Armor
29:26 Husbandry
32:09 Bow Saw
31:54 Gold Mining
32:15 Town Watch
32:44 Scale Barding Armor
33:36 Forging
37:32 Imperial Age
36:01 Stone Shaft Mining
35:42 Town Patrol
36:28 Chain Barding Armor
36:44 Iron Casting
38:39 Conscription
37:41 Cavalier
39:25 Plate Barding Armor
39:50 Blast Furnace
39:54 Fletching
40:20 Leather Archer Armor
40:12 Elite Skirmisher
40:58 Thumb Ring
42:14 Hoardings
42:28 Ballistics
43:08 Chemistry
42:41 Bodkin Arrow
48:33 Paladin
dunpeal30
7:58 Loom
10:08 Feudal Age
10:56 Double-Bit Axe
11:08 Horse Collar
13:23 Man-at-Arms
15:01 Fletching
18:29 Padded Archer Armor
25:42 Castle Age
24:27 Gold Mining
26:17 Crossbowman
27:03 Thumb Ring
27:15 Thumb Ring
27:06 Bodkin Arrow
28:26 Bow Saw
28:25 Heavy Plow
34:22 Ballistics
nikhdy
8:16 Loom
10:28 Feudal Age
11:59 Double-Bit Axe
16:48 Gold Mining
19:03 Castle Age
18:45 Scale Barding Armor
18:51 Forging
18:45 Husbandry
18:45 Horse Collar
24:00 Wheelbarrow
27:37 Iron Casting
30:44 Stone Mining
31:30 Gold Shaft Mining
32:19 Stone Shaft Mining
38:09 Imperial Age
35:58 Hand Cart
39:34 Blast Furnace
37:56 Pikeman
38:37 Squires
38:22 Arson
38:35 Halberdier
39:34 Capped Ram
40:51 Bow Saw
43:54 Heavy Plow
51:24 Conscription
50:30 Elite Karambit Warrior
53:27 Fletching
55:10 Bodkin Arrow
Peto9
9:41 Feudal Age
10:41 Double-Bit Axe
10:37 Horse Collar
16:48 Wheelbarrow
18:46 Gold Mining
19:33 Town Watch
19:34 Loom
22:07 Castle Age
20:03 Town Watch
21:45 Bloodlines
21:42 Scale Barding Armor
21:52 Forging
23:23 Chain Barding Armor
22:28 Capped Ram
23:52 Bow Saw
23:50 Heavy Plow
24:59 Iron Casting
35:56 Imperial Age
34:20 Fletching
36:37 Bodkin Arrow
38:49 Gold Shaft Mining
37:53 Siege Ram
40:04 Conscription
39:26 Elite Steppe Lancer
40:17 Padded Archer Armor
40:46 Ballistics
40:37 Masonry
41:14 Steppe Husbandry
42:56 Chemistry
46:33 Cuman Mercenaries
47:00 Leather Archer Armor
47:14 Parthian Tactics
48:13 Crop Rotation
50:07 Two-Man Saw
49:31 Murder Holes
50:44 Hand Cart
52:07 Plate Barding Armor
54:48 Squires
54:33 Arson
54:09 Pikeman
raw0000
10:12 Feudal Age
11:15 Double-Bit Axe
12:11 Bloodlines
18:46 Castle Age
18:52 Horse Collar
22:26 Husbandry
28:06 Forging
28:02 Scale Barding Armor
30:09 Chain Barding Armor
30:37 Iron Casting
坏老头
10:35 Feudal Age
11:44 Double-Bit Axe
13:54 Horse Collar
20:35 Castle Age
19:15 Fletching
20:22 Padded Archer Armor
21:10 Crossbowman
22:09 Bow Saw
22:03 Heavy Plow
24:47 Wheelbarrow
28:15 Town Watch
31:26 Loom
furkanonal2018
11:04 Feudal Age
11:30 Double-Bit Axe
11:32 Horse Collar
15:35 Loom
16:02 Fletching
16:57 Loom
21:41 Padded Archer Armor
25:11 Castle Age
23:35 Gold Mining
24:24 Wheelbarrow
25:19 Bloodlines
26:06 Bodkin Arrow
26:26 Leather Archer Armor
27:29 Bow Saw
28:19 Heavy Plow
29:51 Capped Ram
31:16 Thumb Ring
30:49 Elite Skirmisher
34:28 Imperial Age
32:22 Ballistics
33:15 Gold Shaft Mining
33:01 Town Watch
33:32 Hand Cart
36:51 Chemistry
36:24 Parthian Tactics
36:11 Heavy Cavalry Archer
37:42 Ring Archer Armor
39:59 Town Patrol
42:20 Murder Holes
42:36 Masonry
42:13 Light Cavalry
43:05 Forging
43:00 Scale Barding Armor
46:41 Iron Casting
46:27 Chain Barding Armor
45:28 Hussar
47:05 Cavalier
49:12 Coinage
48:35 Paladin
50:19 Blast Furnace
49:55 Plate Barding Armor
49:23 Steppe Husbandry
49:45 Conscription
ITA | Raffy
9:03 Feudal Age
9:47 Double-Bit Axe
16:37 Scale Barding Armor
17:54 Bloodlines
18:12 Forging
20:02 Wheelbarrow
22:35 Castle Age
20:47 Horse Collar
21:02 Gold Mining
21:59 Loom
22:43 Light Cavalry
23:46 Chain Barding Armor
23:49 Bow Saw
27:16 Hand Cart
27:54 Heavy Plow
30:10 Stone Mining
30:56 Gold Shaft Mining
36:04 Imperial Age
36:07 Iron Casting
36:39 Masonry
36:25 Pikeman
37:06 Squires
37:44 Plate Barding Armor
38:11 Capped Ram
39:21 Onager
40:13 Halberdier
41:17 Fortified Wall
41:13 Siege Engineers
41:30 Ballistics
41:56 Siege Ram
45:11 Conscription
44:52 Druzhina
47:41 Crop Rotation
48:17 Two-Man Saw
48:09 Scale Mail Armor
49:10 Blast Furnace
49:42 Chain Mail Armor
51:01 Heavy Scorpion
55:41 Plate Mail Armor
Connection lost

Rejoining the realm…

Still unreachable

The connection could not be restored.

Session expired

The server has moved on; the page needs a fresh start.